 Dungeon Crawl Stone Soup version 0.21.1-1-g345015f (webtiles) character file.

137 Fang the Skirmisher (level 5, -3/33 HPs)
             Began as a Gargoyle Berserker on Apr 25, 2018.
             Was a Believer of Trog.
             Slain by a worker ant (6 damage)
             ... on level 4 of the Dungeon.
             The game lasted 00:06:29 (3663 turns).

Fang the Skirmisher (Gargoyle Berserker)            Turns: 3663, Time: 00:06:30

Health: -3/33      AC:  6    Str: 22    XL:     5   Next: 20%
Magic:  5/5        EV: 12    Int:  7    God:    Trog [**....]
Gold:   154        SH:  0    Dex:  9    Spells: 4/4 levels left

rFire    . . .     SeeInvis .   a - +1 hand axe
rCold    . . .     Gourm    .   (no shield)
rNeg     + . .     Faith    .   b - +0 animal skin
rPois    ∞         Spirit   .   (no helmet)
rElec    +         Reflect  .   (no cloak)
rCorr    .         Harm     .   (no gloves)
MR       .....                  (no boots)
Stlth    +.........             (no amulet)
HPRegen  0.11/turn              k - ring of poison resistance
MPRegen  0.09/turn              (no ring)

@: berserk cooldown, starving, slowed, very slow
A: negative energy resistance 1, electricity resistance, unbreathing,
petrification resistance, rot immunity, AC +4
a: Berserk, Trog's Hand, Burn Spellbooks, Renounce Religion


You were on level 4 of the Dungeon.
You worshipped Trog.
Trog was pleased with you.
You were starving.

You visited 1 branch of the dungeon, and saw 4 of its levels.

You collected 154 gold pieces.

Inventory:

Hand Weapons
 a - a +1 hand axe (weapon)
Missiles
 j - 4 javelins (quivered)
Armour
 b - a +0 animal skin (worn)
Jewellery
 k - a ring of poison resistance (left hand)
Wands
 l - a wand of polymorph (13)
Scrolls
 f - 2 scrolls of teleportation
 g - a scroll of fear {unknown}
 h - 3 scrolls of remove curse
 q - a scroll of blinking
 s - a scroll of noise {unknown}
 t - a scroll of identify
Potions
 d - 2 potions of heal wounds
 i - a potion of curing
 m - a potion of brilliance
 n - a potion of haste {unknown}
 o - a potion of mutation {unknown}
 p - a potion of magic {unknown}
 r - a potion of flight {unknown}
Books
 e - a book of Maledictions

   Spells                             Type                      Level
   a - Corona                         Hexes                        1
   b - Ensorcelled Hibernation        Hexes/Ice                    2
   c - Confuse                        Hexes                        3
   d - Tukima's Dance                 Hexes                        3
   e - Dazzling Spray                 Conjuration/Hexes            3
   Trog disapproves of the use of such an item.
Comestibles
 c - 13 rations


   Skills:
 + Level 4.2 Fighting
 + Level 4.1 Axes
 + Level 2.2 Armour
 + Level 2.1 Dodging
 + Level 1.0 Stealth


You had 4 spell levels left.
You didn't know any spells.

Dungeon Overview and Level Annotations

Branches:
Dungeon (4/15)
 Temple: D:4-7

Altars:
Cheibriados
Kikubaaqudgha
Nemelex Xobeh


Innate Abilities, Weirdness & Mutations

You are resistant to torment.
Your stone body is resilient. (AC +4)
You are immune to poison.
You resist negative energy. (rN+)
You are resistant to electric shocks. (rElec)
You can survive without breathing.
You are immune to petrification.
You are immune to rotting.


Message History

You closely miss the worker ant.
The worker ant is moderately wounded.
The worker ant bites you but does no damage.
The worker ant closely misses you.
You closely miss the worker ant.
The worker ant is moderately wounded.
The worker ant bites you but does no damage.
The worker ant closely misses you.
You hit the worker ant but do no damage.
The worker ant is moderately wounded.
The worker ant misses you. The worker ant bites you.
* * * LOW HITPOINT WARNING * * *
You hit the worker ant but do no damage.
The worker ant is moderately wounded.
The worker ant barely misses you.
You hit the worker ant but do no damage.
The worker ant is moderately wounded.
The worker ant bites you but does no damage.
The worker ant bites you.
You die...

#....#
#....#
###.## #.#
#.# #.# #.#
#.#########
#.†@......#
#?†a......#
#..........
#..........
#..........
#.........#
#.........#
#..........


You could see a worker ant.

Vanquished Creatures
  An orc priest (D:3)
  2 adders
  5 worms (D:2)
  A dart slug (D:2)
  2 leopard geckos
  5 orcs (D:3)
  2 bat skeletons (D:3)
  3 bat zombies (D:3)
  A giant cockroach (D:2)
  6 hobgoblins
  7 jackals
  7 kobolds
  A quokka (D:2)
  10 bats
  3 frilled lizards
  2 goblins
  5 rats
63 creatures vanquished.

Notes
Turn   | Place    | Note
-------+----------+-------------------------------------------
     0 | D:1      | Fang the Gargoyle Berserker began the quest for the Orb.
     0 | D:1      | Reached XP level 1. HP: 14/14 MP: 1/1
   225 | D:1      | Reached XP level 2. HP: 13/19 MP: 2/2
   959 | D:2      | Reached XP level 3. HP: 13/24 MP: 3/3
  1148 | D:2      | Found a faded altar of an unknown god.
  1835 | D:2      | Reached ** piety under Trog
  1985 | D:2      | Found a sparkling altar of Nemelex Xobeh.
  1991 | D:2      | Reached XP level 4. HP: 29/29 MP: 4/4
  2526 | D:3      | Found a snail-covered altar of Cheibriados.
  2659 | D:3      | Reached XP level 5. HP: 20/33 MP: 5/5
  3415 | D:3      | Found an ancient bone altar of Kikubaaqudgha.
  3428 | D:3      | Reached skill level 1 in Stealth
  3663 | D:4      | Slain by a worker ant

Skill      XL: |  1  2  3  4  5 |
---------------+----------------+-----
Axes           | 3 4 |  4.1
Fighting       | 4 |  4.2
Dodging        | 2 |  2.1
Stealth        | 1 |  1.0
Armour         | |  2.2

Action                   |  1- 3 |  4- 6 || total
-------------------------+-------+-------++-------
Melee: Hand axe          |   131 |   101 ||   232
Invok: Berserk           |     1 |     2 ||     3
  Use: Scroll            |       |     8 ||     8
  Eat: Chunk             |     3 |     6 ||     9
Armor: Animal skin       |    45 |    40 ||    85
Dodge: Dodged            |    73 |    87 ||   160
